 Dungeon Crawl Stone Soup version 0.31-a0-845-g9abc20d24f (webtiles) character file.

Game seed: 18002741140505801283

5014 Danienth the Thrower (level 10, -2/54 HPs)
             Began as a Gargoyle Fighter on Oct 3, 2023.
             Was an Elder of Qazlal.
             Slain by a red devil
             ... wielding a +1 demon trident of freezing
             ... summoned by a kobold demonologist
              (14 damage)
             ... on level 9 of the Dungeon.
             The game lasted 00:26:38 (10592 turns).

Danienth the Thrower (Gargoyle Fighter)            Turns: 10592, Time: 00:26:39

Health: -2/54      AC: 13    Str: 25    XL:     10   Next: 54%
Magic:  10/10      EV: 11    Int: 14    God:    Qazlal [****..]
Gold:   462        SH: 11    Dex: 19    Spells: 9/9 levels left

rFire   . . .        a - +0 war axe
rCold   . . .        c - +0 buckler
rNeg    + . .        E - +2 leather armour of Amorality {Rampage +Inv rElec Int+4}
rPois   ∞            (no helmet)
rElec   +            (no cloak)
rCorr   .            (no gloves)
SInv    .            p - +0 pair of boots
Will    .....        I - amulet of regeneration
Stlth   +            s - +6 ring of strength
HPRegen 1.09/turn    r - +6 ring of dexterity
MPRegen 0.12/turn

%: repel missiles, rampage
@: brilliant, spiked, flying, hasted, very quick
A: sickness immunity, AC +7, negative energy resistance 1, electricity
resistance, torment resistance 1, petrification resistance, big wings, frail 1,
no potion heal 1
a: Renounce Religion, Evoke Invisibility, Upheaval, Elemental Force


You were on level 9 of the Dungeon.
You worshipped Qazlal.
Qazlal was greatly pleased with you.
You visited 1 branch of the dungeon, and saw 9 of its levels.

You collected 462 gold pieces.

Inventory:

Hand Weapons
 a - a +0 war axe (weapon)
 u - a +2 heavy mace
 w - a +1 mace of protection
 y - a +2 dagger of venom
Missiles
 g - 3 javelins
 h - 11 poisoned darts (quivered)
 z - 5 boomerangs
Armour
 b - a +0 scale mail
 c - a +0 buckler (worn)
 p - a +0 pair of boots (worn)
 A - an orb of wrath
 B - a +2 robe of willpower
 E - the +2 leather armour of Amorality (worn) {Rampage +Inv rElec Int+4}
   (You found it on level 4 of the Dungeon)

   Int+4:     It affects your intelligence (+4).
   rElec:     It insulates you from electricity.
   +Inv:      It lets you turn invisible.
   Rampage:   It bestows one free step when moving towards enemies.
Jewellery
 f - a ring of ice
 k - a ring of see invisible
 l - a ring of willpower
 o - a ring of resist corrosion
 r - a +6 ring of dexterity (right hand)
 s - a +6 ring of strength (left hand)
 F - a +6 ring of intelligence
 I - an amulet of regeneration (around neck)
 K - a ring of fire
Wands
 D - a wand of acid (14)
 H - a wand of charming (8)
Scrolls
 m - a scroll of immolation
 v - a scroll of identify
 J - a scroll of vulnerability {unknown}
Potions
 d - a potion of resistance {unknown}
 e - 2 potions of invisibility
 n - 3 potions of attraction {unknown}
 q - a potion of haste
 x - a potion of degeneration {unknown}
 C - a potion of magic {unknown}
 G - a potion of brilliance


   Skills:
 + Level 5.9 Fighting
 - Level 5.0 Short Blades
 * Level 4.8(5.0) Axes
 - Level 2.1(4.0) Maces & Flails
 + Level 10.2 Throwing
 - Level 4.3 Armour
 - Level 0.2 Dodging
 - Level 2.4 Stealth
 - Level 5.1 Shields


You had 9 spell levels left.
You didn't know any spells.
Your spell library contained the following spells:

 Spells                   Type           Power      Damage    Failure   Level
 Kiss of Death            Conj/Necr      0%         2d5       36%         1
 Confusing Touch          Hex            0%         N/A       75%         3
 Dispel Undead            Necr           0%         3d6       98%         4


Dungeon Overview and Level Annotations

Branches:
Dungeon (9/15)             Temple (0/1) D:5
   Lair: D:8-11         Orc: D:9-12

Altars:
Cheibriados
Qazlal
Trog

Shops:
D:1 (

Annotations:
D:4 1 runed translucent door, Age's ghost, novice MiHu


Innate Abilities, Weirdness & Mutations

You are immune to sickness and miasma.
Your stone body is resilient. (AC +7)
You are immune to poison.
You resist negative energy. (rN+)
You are resistant to electric shocks. (rElec)
You are resistant to unholy torment.
You are immune to petrification.
Your large and strong wings let you fly.
You are frail. (-10% HP)
Potions are less effective at restoring your health.


Message History

The wyvern closely misses you.
An orc comes into view. It is wielding a +0 dagger.
An orc comes into view. It is wielding a +0 hand axe.
The kobold brigand closely misses you.
The ice devil is engulfed in a thunderstorm.
You kill the ice devil!
The ice devil disappears in a puff of smoke!
The wyvern barely misses you. The red devil completely misses you.
The chaos spawn is engulfed in freezing vapours.
You kill the chaos spawn!
The chaos spawn degenerates into a cloud of primal chaos!
An orc comes into view. It is wielding a +0 mace.
The kobold demonologist gestures wildly while chanting.
The wyvern bites you.
The red devil hits you from afar with a +1 demon trident of freezing.
Barbed spikes become lodged in your body.
The red devil freezes you. The wyvern bites you.
An orc priest comes into view. It is wielding a +0 dagger.
The kobold brigand barely misses you.
The hellwing is engulfed in freezing vapours.
The wyvern closely misses you.
The red devil hits you from afar with a +1 demon trident of freezing.
Barbed spikes become lodged in your body.
The red devil freezes you.
* * * LOW HITPOINT WARNING * * *
The orc priest mumbles some strange prayers to Beogh against you.
Beogh smites you!
* * * LOW HITPOINT WARNING * * *
The kobold brigand hits you but does no damage.
The kobold hits you but does no damage.
The orc wizard casts a spell.
The orc wizard flickers and vanishes!
Deactivating autopickup; reactivate with Ctrl-A.
The hellwing is engulfed in freezing vapours.
Okay, then.
Your system partially rejects the healing.
You feel better.
You feel less invigorated. You block the wyvern's attack.
The red devil hits you from afar with a +1 demon trident of freezing!
You die...

#.......# ...
#..o...# ....
##......#.....
###..#o..<#.....
......oo.........
oo...)5KKK.......
###.#445K.c.....
#K##l###......
#O§@# ......
......KK○........
#####{.§°........
^......##....
........# ..
.........##
...##...## ...
.....


You could see a two-headed ogre, a hellwing (summoned), a kobold demonologist, a
red devil (summoned), a wyvern, 2 kobold brigands, an iron imp (summoned), an
orc priest, a white imp (summoned), 3 orcs and 3 kobolds.

Vanquished Creatures
  A two-headed ogre (D:8)
  A wraith (D:6)
  10 yaks (D:8)
  A steam dragon (D:6)
  2 water moccasins
  An orc warrior (D:9)
  An ice beast (D:6)
  A sky beast (D:6)
  2 ogres
  2 centaurs
  2 phantoms (D:5)
  2 bullfrogs
  4 scorpions
  2 howler monkeys
  3 jellies
  5 hounds
  3 gnoll boudas
  4 orc priests
  2 sleepcaps
  4 iguanas
  13 orc wizards
  14 gnolls
  8 adders
  2 shadow imps
  2 white imps
  An ufetubus (D:7)
  A dart slug (D:2)
  45 orcs
  4 endoplasms
  2 giant cockroaches
  6 goblins
  6 hobgoblins
  5 kobolds
  3 quokkas
  4 ball pythons
  7 bats
  5 frilled lizards
  2 rats (D:1)
183 creatures vanquished.

Vanquished Creatures (others)
  An orc wizard (D:9)
1 creature vanquished.

Grand Total: 184 creatures vanquished

Notes
Turn   | Place    | Note
-------+----------+-------------------------------------------
     0 | D:1      | Danienth the Gargoyle Fighter began the quest for the Orb.
     0 | D:1      | Reached XP level 1. HP: 14/14 MP: 1/1
    41 | D:1      | Found Coal Till's Weapon Shop.
   203 | D:1      | Reached XP level 2. HP: 19/19 MP: 2/2
   325 | D:1      | Found a faded altar of an unknown god.
   336 | D:1      | Prayed at the altar of an unknown god.
   336 | D:1      | Became a worshipper of Qazlal Stormbringer
   336 | D:1      | Reached * piety under Qazlal
  1003 | D:2      | Reached XP level 3. HP: 24/24 MP: 3/3
  1323 | D:2      | Reached XP level 4. HP: 29/29 MP: 4/4
  1466 | D:2      | Reached ** piety under Qazlal
  1542 | D:2      | Reached skill level 1 in Throwing
  1795 | D:3      | Reached XP level 5. HP: 33/33 MP: 5/5
  2341 | D:4      | Reached XP level 6. HP: 37/39 MP: 6/6
  2427 | D:4      | Reached skill level 1 in Maces & Flails
  2858 | D:4      | Reached skill level 5 in Fighting
  3013 | D:4      | Found a runed translucent door.
  3183 | D:4      | Reached skill level 2 in Throwing
  3183 | D:4      | Reached XP level 7. HP: 34/44 MP: 7/7
  3559 | D:4      | Identified the +2 leather armour of Amorality {Rampage +Inv
                  | rElec Int+4}
  3610 | D:4      | Reached *** piety under Qazlal
  3967 | D:4      | Reached skill level 1 in Stealth
  4543 | D:4      | Noticed Age's ghost (novice MiHu)
  4585 | D:5      | Entered Level 5 of the Dungeon
  4592 | D:5      | Reached skill level 1 in Short Blades
  5054 | D:5      | Found a staircase to the Ecumenical Temple.
  5089 | D:5      | Reached skill level 5 in Shields
  5089 | D:5      | Reached XP level 8. HP: 35/49 MP: 8/8
  5375 | D:5      | Reached skill level 3 in Throwing
  5705 | D:5      | Found a snail-covered altar of Cheibriados.
  5708 | D:5      | Found a bloodstained altar of Trog.
  6253 | D:6      | Reached skill level 5 in Short Blades
  6681 | D:6      | Reached skill level 4 in Throwing
  6936 | D:6      | Noticed a wraith
  6943 | D:6      | Killed a wraith
  6944 | D:6      | Reached skill level 5 in Throwing
  6944 | D:6      | Reached XP level 9. HP: 49/54 MP: 9/9
  7517 | D:7      | Reached skill level 6 in Throwing
  7596 | D:7      | Reached **** piety under Qazlal
  7885 | D:7      | Reached skill level 7 in Throwing
  8944 | D:8      | Reached skill level 8 in Throwing
  9035 | D:8      | Reached skill level 9 in Throwing
  9035 | D:8      | Reached XP level 10. HP: 34/59 MP: 10/10
  9603 | D:8      | Noticed a two-headed ogre
  9611 | D:8      | Killed a two-headed ogre
  9612 | D:8      | Reached skill level 10 in Throwing
 10565 | D:9      | Noticed a kobold demonologist
 10575 | D:9      | Gained mutation: Your body sometimes deteriorates upon
                  | taking damage. [potion of mutation]
 10575 | D:9      | Gained mutation: You are frail. (-10% HP) [potion of
                  | mutation]
 10575 | D:9      | Gained mutation: A frigid envelope surrounds you and
                  | freezes all who hurt you. [potion of mutation]
 10576 | D:9      | Lost mutation: A frigid envelope surrounds you and freezes
                  | all who hurt you. [potion of mutation]
 10576 | D:9      | Lost mutation: Your body sometimes deteriorates upon taking
                  | damage. [potion of mutation]
 10576 | D:9      | Gained mutation: Your large and strong wings let you fly.
                  | [potion of mutation]
 10576 | D:9      | Gained mutation: Potions are less effective at restoring
                  | your health. [potion of mutation]
 10580 | D:9      | Noticed a two-headed ogre
 10592 | D:9      | Slain by a red devil

Illustrated notes

Levels and vault maps discovered:
D:1:      dpeg_chamrin_arrival_tetris, layout_basic,
          hellmonk_ecumenical_altar_zigzags, serial_shops,
          nicolae_shop_tiny_statue_garden
D:2:      minmay_diamond_boxcup, layout_loops_ring
D:3:      layout_loops_ring
D:4:      layout_basic, ebering_ghost_reflecting_pool
D:5:      layout_basic, nicolae_overflow_squiral, minmay_temple_entry_mini_moons
D:6:      layout_cave_pods
D:7:      layout_cave_pods
D:8:      layout_basic, dreamdust_princess_bridge
D:9:      minmay_general_purpose_star, layout_rooms

Skill      XL: |  1  2  3  4  5  6  7  8  9 10 |
---------------+-------------------------------+-----
Axes           | 2 3 4 |  4.8
Fighting       | 4 5 |  5.9
Throwing       | 1 2 5 9 10 | 10.2
Armour         | 4 |  4.3
Shields        | 4 5 |  5.1
Maces & Flails | 1 2 |  2.1
Stealth        | 2 |  2.4
Short Blades   | 2 5 |  5.0
Dodging        | |  0.2

Action                     |  1- 3 |  4- 6 |  7- 9 | 10-12 || total
---------------------------+-------+-------+-------+-------++-------
  Melee: War axe           |    73 |    48 |   134 |    63 ||   318
         Mace              |       |    77 |    36 |    18 ||   131
         Dagger            |       |       |   205 |       ||   205
  Throw: Javelin           |     3 |    12 |    21 |     3 ||    39
         Boomerang         |       |       |     5 |     1 ||     6
         Dart              |       |       |     7 |     6 ||    13
 Invoke: Upheaval          |       |       |       |     2 ||     2
    Use: Scroll            |       |     2 |     7 |       ||     9
         Potion            |       |     2 |     1 |    10 ||    13
   Stab: Invisible         |       |     1 |       |       ||     1
 Armour: Scale mail        |    45 |   104 |    34 |       ||   183
         Leather armour    |       |       |   199 |    66 ||   265
  Dodge: Dodged            |    36 |    50 |   151 |    60 ||   297
  Block: Buckler           |    25 |    39 |   161 |    53 ||   278
         Orb               |       |       |     8 |       ||     8

Table legend: (Time is in decaauts)
 A = Elapsed time spent in this place.
 B = Non-inter-level travel time spent in this place.
 C = Inter-level travel time spent in this place.
 D = Time resting spent in this place.
 E = Time spent auto-exploring this place.
 F = Levels seen in this place.
 G = Mean time per level.
                   A        B        C        D        E       F      G
               +--------+--------+--------+--------+--------+-----+--------+
         Total |  10715 |  10241 |    474 |   2777 |   6133 |   9 | 1190.6 |
       Dungeon |  10715 |  10241 |    474 |   2777 |   6133 |   9 | 1190.6 |
               +--------+--------+--------+--------+--------+-----+--------+

Top non-repeatable levels by time:
     D:4: 2329 daAuts
     D:8: 1621 daAuts
     D:5: 1583 daAuts
     D:7: 1447 daAuts
     D:6: 1352 daAuts
     D:1: 912 daAuts
     D:2: 750 daAuts
     D:3: 681 daAuts
     D:9: 37 daAuts
